 Dungeon Crawl Stone Soup version 0.30-a0-141-g30f27751c5 (webtiles) character file.

Game seed: 16991850207994149189

804 qw the Chopper (level 7, -5/43 HPs)
             Began as a Gargoyle Fighter on Sept 25, 2022.
             Was an Initiate of Okawaru.
             Slain by a hornet (11 damage)
             ... on level 5 of the Dungeon.
             The game lasted 00:01:31 (5361 turns).

qw the Chopper (Gargoyle Fighter)                   Turns: 5361, Time: 00:01:31

Health: -5/43      AC: 19    Str: 21    XL:     7   Next: 91%
Magic:  7/7        EV:  5    Int:  9    God:    Okawaru [......]
Gold:   90         SH:  4    Dex:  9    Spells: 6/6 levels left

rFire   . . .      SeeInvis +    Y - +1 war axe
rCold   . . .      Faith    .    c - +0 buckler
rNeg    + . .      Spirit   .    f - +0 plate armour
rPois   inf        Reflect  .    (no helmet)
rElec   +          Harm     .    (no cloak)
rCorr   .          Rampage  .    p - +0 pair of gloves
Will    .....                    e - +0 pair of boots
Stlth   ..........               (no amulet)
HPRegen 0.14/turn                r - ring of see invisible
MPRegen 0.10/turn                (no ring)

@: no status effects
A: sickness immunity, AC +4, negative energy resistance 1, electricity
resistance, torment resistance 1, petrification resistance
a: Renounce Religion


You were on level 5 of the Dungeon.
You worshipped Okawaru.
Okawaru was noncommittal.
You visited 2 branches of the dungeon, and saw 6 of its levels.

You collected 240 gold pieces.
You spent 150 gold pieces at shops.


Innate Abilities, Weirdness & Mutations

You are immune to sickness and miasma.
Your stone body is resilient. (AC +4)
You are immune to poison.
You resist negative energy. (rN+)
You are resistant to electric shocks. (rElec)
You are resistant to unholy torment.
You are immune to petrification.


   Skills:
 + Level 4.2 Fighting
 - Level 7.0 Axes
 - Level 1.4 Throwing
 - Level 4.3 Armour
 - Level 3.2 Shields


You had 6 spell levels left.
You didn't know any spells.
Your spell library was empty.

Inventory:

Hand Weapons
 b - a +0 hand axe of flaming
 Y - a +1 war axe (weapon)
Missiles
 k - a javelin (quivered)
Armour
 c - a +0 buckler (worn)
 e - a +0 pair of boots (worn)
 f - a +0 plate armour (worn)
 p - a +0 pair of gloves (worn)
Jewellery
 i - a ring of ice
 r - a ring of see invisible (left hand)
Scrolls
 h - 3 scrolls of identify
Potions
 d - 2 potions of might
 g - a potion of attraction
 j - 3 potions of lignification
 n - a potion of cancellation

Dungeon Overview and Level Annotations

Branches:
Dungeon (5/15)             Temple (1/1) D:5

Altars:
Ashenzari
Cheibriados
Dithmenos
Elyvilon
Fedhas
Gozag
Hepliaklqana
Makhleb
Nemelex Xobeh
Okawaru
Qazlal
Ru
Sif Muna
Trog
Uskayaw
Vehumet
Xom
Yredelemnul
Zin

Shops:
D:4 ==!=

Annotations:
D:4 3 runed translucent doors, qw's ghost, amateur GrFi


Message History

The hornet stings you but does no damage.
5350 ||| Stepping ~*~*~tactically~*~*~ (stealth).
You block the hornet's attack.
You miss the hornet.
The hornet is moderately wounded.
The hornet stings you! The hornet stings you.
You closely miss the hornet.
The hornet is moderately wounded.
The hornet stings you but does no damage.
You closely miss the hornet.
The hornet is moderately wounded.
The hornet stings you.
The hornet stings you but does no damage.
You hit the hornet.
The hornet is moderately wounded.
The hornet stings you! The hornet barely misses you.
5355 ||| DRINKING potion of heal wounds.
You feel much better. The hornet barely misses you.
You hit the hornet.
The hornet is moderately wounded.
The hornet stings you.
The hornet stings you but does no damage.
You hit the hornet.
The hornet is heavily wounded.
You block the hornet's attack. The hornet stings you.
You closely miss the hornet.
The hornet is heavily wounded.
The hornet barely misses you. The hornet stings you!
You miss the hornet.
The hornet is heavily wounded.
The hornet stings you!
You slash the hornet!
The hornet is almost dead.
The hornet barely misses you.
The hornet stings you but does no damage.
You closely miss the hornet.
The hornet is almost dead.
You block the hornet's attack. The hornet stings you!
You die...

........#####.###
#############....
#...............
#............... .(w
##............###
#.....###................
#... #.s.##..............
.#..###y.#........#####
..#..@#..#.......# #
#.###.#.#.......# #
#...#.#.#......# #
#.>.#.#.##%##### #
#...#.#.##.# #
#.###.#.#.#.# #
..#...#..#.#.#
.#..###..#..#.# #...
)..##...#.######


You could see a hornet.

Vanquished Creatures
  A centaur (D:5)
  A phantom (D:4)
  3 necrophages
  A howler monkey (D:5)
  3 jellies (D:5)
  An orc priest (D:3)
  5 iguanas
  3 orc wizards
  An adder (D:5)
  2 worms
  13 orcs
  3 ball pythons
  9 bats
  9 endoplasms
  3 giant cockroaches
  7 goblins
  4 hobgoblins
  3 jackals (D:1)
  8 kobolds
  2 quokkas
  6 rats
88 creatures vanquished.

Vanquished Creatures (others)
  A plant (D:3)
1 creature vanquished.

Grand Total: 89 creatures vanquished

Notes
Turn   | Place    | Note
-------+----------+-------------------------------------------
     0 | D:1      | qw the Gargoyle Fighter began the quest for the Orb.
     0 | D:1      | Reached XP level 1. HP: 14/14 MP: 1/1
     0 | D:1      | 0 ||| qw: Version: 0.2-a-10-g399e6c4
     0 | D:1      | 0 ||| qw: Game counter: 118
     0 | D:1      | 0 ||| qw: Always use a shield: true
     0 | D:1      | 0 ||| qw: God list: Okawaru
     0 | D:1      | 0 ||| qw: Allow faded altars: false
     0 | D:1      | 0 ||| qw: Do Orc after D:15 true
     0 | D:1      | 0 ||| qw: Do second Lair branch before Depths: true
     0 | D:1      | 0 ||| qw: Lair rune preference: random
     0 | D:1      | 0 ||| qw: Plans: Normal, Zot:1-4, God:TSO, Crypt, Tomb,
                  | Pan, Slime:5, Hells, Abyss, Orb
     0 | D:1      | 0 ||| PLANNING D:1-11
    13 | D:1      | Reached skill level 2 in Axes
   248 | D:1      | Reached XP level 2. HP: 19/19 MP: 2/2
   513 | D:1      | Reached skill level 3 in Axes
   530 | D:1      | Reached XP level 3. HP: 23/23 MP: 3/3
   820 | D:1      | 820 ||| READING 2 scrolls labelled GEUNUJI POGU.
   839 | D:1      | 839 ||| READING scroll labelled RIWOIT MIUTAASMIG.
   840 | D:1      | 840 ||| READING scroll labelled VASTRUPS CAZA.
   855 | D:1      | 855 ||| READING scroll labelled TIWATYU TORO.
  1050 | D:2      | 1050 ||| Stepping ~*~*~tactically~*~*~ (stealth).
  1619 | D:2      | You fall into a shaft and drop 2 floors!
  1626 | D:4      | 1626 ||| UPGRADING to +0 plate armour.
  1636 | D:4      | 1636 ||| DROPPING +0 scale mail.
  1637 | D:4      | 1637 ||| READING 2 scrolls of identify.
  1637 | D:4      | 1637 ||| IDENTIFYING fuming sapphire potion
  1655 | D:3      | Found a hide-covered altar of Uskayaw.
  1657 | D:3      | Found a faded altar of an unknown god.
  1675 | D:3      | 1675 ||| DROPPING +0 whip.
  1688 | D:3      | 1688 ||| Stepping ~*~*~tactically~*~*~ (stealth).
  1690 | D:3      | Reached XP level 4. HP: 28/28 MP: 4/4
  1691 | D:3      | 1691 ||| Stepping ~*~*~tactically~*~*~ (stealth).
  1692 | D:3      | 1692 ||| Stepping ~*~*~tactically~*~*~ (stealth).
  1771 | D:3      | Reached skill level 4 in Axes
  1814 | D:3      | Found a broken altar of Ashenzari.
  1814 | D:3      | Found a shadowy altar of Dithmenos.
  1814 | D:3      | Found a stormy altar of Qazlal.
  1873 | D:3      | 1873 ||| Stepping ~*~*~tactically~*~*~ (stealth).
  1883 | D:3      | Reached XP level 5. HP: 14/32 MP: 5/5
  1888 | D:3      | HP: 8/32 [orc wizard/+0 vampiric dagger (2)]
  1889 | D:3      | 1889 ||| READING scroll of teleportation.
  1893 | D:3      | Reached skill level 5 in Axes
  2173 | D:3      | 2173 ||| READING scroll labelled BOCIZI AMOQOZ.
  2174 | D:3      | 2174 ||| READING 2 scrolls of identify.
  2174 | D:3      | 2174 ||| IDENTIFYING fizzy cyan potion
  2657 | D:3      | 2657 ||| READING scroll labelled JYLIWY ITUDU.
  2758 | D:3      | 2758 ||| READING 3 scrolls of identify.
  2758 | D:3      | 2758 ||| IDENTIFYING fuming orange potion
  2810 | D:4      | Found a white marble altar of Elyvilon.
  2831 | D:4      | Noticed an orc warrior
  2832 | D:4      | Found a runed translucent gate.
  2832 | D:4      | Found a runed translucent gate.
  2832 | D:4      | Found a runed translucent gate.
  2833 | D:4      | Identified the +1 ring mail of Rotation {rElec}
  2834 | D:4      | Noticed qw's ghost (amateur GrFi)
  3099 | D:4      | Reached XP level 6. HP: 37/38 MP: 6/6
  3446 | D:4      | Found Ciurell's Jewellery Shop.
  3447 | D:4      | Found Onal's Jewellery Boutique.
  3448 | D:4      | Found Geix's Jewellery Emporium.
  3461 | D:4      | Found Micoppa's Distillery.
  3468 | D:4      | 3468 ||| SHOPLISTING +4 ring of evasion (396 gold, have
                  | 164).
  3468 | D:4      | 3468 ||| SHOPLISTING amulet "Nakhluaz" {Faith Harm rCorr
                  | Str-5} (463 gold, have 164).
  3468 | D:4      | 3468 ||| SHOPLISTING amulet of reflection (330 gold, have
                  | 164).
  3468 | D:4      | 3468 ||| SHOPLISTING ring of Discord {Ice Str+3 Int+3} (490
                  | gold, have 164).
  3468 | D:4      | 3468 ||| SHOPLISTING ring of fire (275 gold, have 164).
  3468 | D:4      | 3468 ||| SHOPLISTING ring of ice (275 gold, have 164).
  3468 | D:4      | 3468 ||| SHOPLISTING ring of protection from cold (275
                  | gold, have 164).
  3468 | D:4      | 3468 ||| SHOPLISTING ring of protection from fire (275
                  | gold, have 164).
  3473 | D:4      | 3473 ||| SHOPLISTING +4 ring of evasion (360 gold, have
                  | 164).
  3473 | D:4      | 3473 ||| SHOPLISTING +4 ring of protection (360 gold, have
                  | 164).
  3473 | D:4      | 3473 ||| SHOPLISTING +6 ring of strength (360 gold, have
                  | 164).
  3473 | D:4      | 3473 ||| SHOPLISTING amulet of regeneration (300 gold, have
                  | 164).
  3473 | D:4      | 3473 ||| SHOPLISTING ring of fire (250 gold, have 164).
  3473 | D:4      | 3473 ||| SHOPLISTING ring of ice (250 gold, have 164).
  3473 | D:4      | 3473 ||| SHOPLISTING ring of protection from fire (250
                  | gold, have 164).
  3473 | D:4      | 3473 ||| BUYING ring of see invisible (150 gold).
  3473 | D:4      | Bought a ring of see invisible for 150 gold pieces
  3475 | D:4      | 3475 ||| SHOPLISTING +4 ring of slaying (1014 gold, have
                  | 14).
  3475 | D:4      | 3475 ||| SHOPLISTING amulet of the acrobat (390 gold, have
                  | 14).
  3475 | D:4      | 3475 ||| SHOPLISTING ring of see invisible (195 gold, have
                  | 14).
  3490 | D:4      | Reached skill level 6 in Axes
  3490 | D:4      | Reached XP level 7. HP: 43/43 MP: 7/7
  3491 | D:4      | 3491 ||| SHOPLISTING 2 potions of might (96 gold, have 14).
  3491 | D:4      | 3491 ||| SHOPLISTING potion of attraction (36 gold, have
                  | 14).
  3491 | D:4      | 3491 ||| SHOPLISTING potion of curing (36 gold, have 14).
  3491 | D:4      | 3491 ||| SHOPLISTING potion of heal wounds (60 gold, have
                  | 14).
  3491 | D:4      | 3491 ||| SHOPLISTING potion of might (48 gold, have 14).
  3549 | D:4      | Found a bloodstained altar of Trog.
  3735 | D:4      | 3735 ||| UPGRADING to +0 pair of boots.
  3740 | D:4      | 3740 ||| UPGRADING to +0 pair of gloves.
  3745 | D:4      | 3745 ||| UPGRADING to ring of see invisible.
  3746 | D:4      | 3746 ||| READING 3 scrolls labelled DOAFOA HOCECZO.
  3747 | D:4      | 3747 ||| READING scroll labelled YSMOWOLENK.
  3748 | D:4      | 3748 ||| READING scroll labelled WAOROE VIUMA.
  3749 | D:4      | 3749 ||| READING scroll labelled UMPILE XEARIYR.
  3750 | D:4      | 3750 ||| READING 6 scrolls of identify.
  3750 | D:4      | 3750 ||| IDENTIFYING smoky purple potion
  3751 | D:4      | 3751 ||| READING 5 scrolls of identify.
  3751 | D:4      | 3751 ||| IDENTIFYING murky purple potion
  3752 | D:4      | 3752 ||| DROPPING potion of flight.
  3753 | D:4      | 3753 ||| DROPPING 2 scrolls of noise.
  3754 | D:4      | 3754 ||| DROPPING potion of brilliance.
  3773 | D:5      | Entered Level 5 of the Dungeon
  3785 | D:5      | Found a shimmering altar of Xom.
  3820 | D:5      | 3820 ||| Stepping ~*~*~tactically~*~*~ (stealth).
  4132 | D:5      | Reached skill level 1 in Throwing
  4715 | D:5      | 4715 ||| Stepping ~*~*~tactically~*~*~ (hiding).
  4932 | D:5      | Found a shimmering blue altar of Sif Muna.
  4979 | D:5      | Found a staircase to the Ecumenical Temple.
  4980 | D:5      | 4980 ||| PLANNING TEMPLE
  4980 | D:5      | 4980 ||| READING scroll labelled XETIPP DYGED.
  4981 | D:5      | 4981 ||| READING scroll labelled SOFALO AFUAGE.
  5040 | D:5      | 5040 ||| READING 4 scrolls of identify.
  5040 | D:5      | 5040 ||| IDENTIFYING orange potion
  5049 | Temple   | Entered the Ecumenical Temple
  5206 | Temple   | 5206 ||| PLANNING OKAWARU WORSHIP
  5286 | Temple   | Became a worshipper of Warmaster Okawaru
  5287 | Temple   | 5287 ||| PLANNING D:1-11
  5323 | D:5      | Reached skill level 7 in Axes
  5340 | D:5      | Noticed a hornet
  5350 | D:5      | 5350 ||| Stepping ~*~*~tactically~*~*~ (stealth).
  5354 | D:5      | HP: 6/43 [hornet (12)]
  5355 | D:5      | 5355 ||| DRINKING potion of heal wounds.
  5359 | D:5      | HP: 6/43 [hornet (10)]
  5361 | D:5      | Slain by a hornet

Levels and vault maps discovered:
D:1:      lightli_molten_gateway, layout_basic, minmay_pentomino_p2
D:2:      layout_basic, kennysheep_path_1, st_stairs_7
D:3:      layout_basic, mainiacjoe_overflow_concentric_impassable,
          gammafunk_temple_overflow_forgotten, ebering_ecumenical_altar_rust
D:4:      layout_loops_corners, elyvilon_altar_5, mainiacjoe_overflow_alcove_1,
          biasface_ghost_orc_armoury, nicolae_wooded_promenade,
          hangedman_decor_growths
D:5:      layout_basic, mainiacjoe_overflow_boulevard, lemuel_blue_sif_altar,
          dk_xom_monty_hall, minmay_temple_entry_steel_oval,
          serial_co_window_serial, co_window_paths_a, co_window_corner_a,
          co_window_paths_a, co_window_paths_a, co_window_cross_1,
          co_window_2corner, co_window_corner_b, co_window_broadway_b,
          co_window_2corner, co_window_of_opportunity_b, co_window_paths_d,
          glass_columns_b, eino_tiny_chamber, eino_tiny_chamber
Temple:   minmay_temple_curvy_loop

Skill      XL: |  1  2  3  4  5  6  7 |
---------------+----------------------+-----
Axes           | 2 3 4 5 6 7 |  7.0
Fighting       | 4 |  4.2
Armour         | 4 |  4.3
Throwing       | 1 |  1.4
Shields        | |  3.2

Action                   |  1- 3 |  4- 6 |  7- 9 || total
-------------------------+-------+-------+-------++-------
Melee: War axe           |    97 |    80 |    71 ||   248
Throw: Javelin           |       |       |     9 ||     9
  Use: Scroll            |     5 |     5 |     9 ||    19
       Potion            |       |       |     1 ||     1
Armor: Scale mail        |    38 |       |       ||    38
       Plate armour      |     3 |    40 |    42 ||    85
Dodge: Dodged            |    34 |    20 |    23 ||    77
Block: Buckler           |    14 |    14 |    10 ||    38

Table legend:
 A = Non-vault XP
 B = Vault XP
 C = Vault XP percentage of total XP
 D = Non-vault monster count
 E = Vault monster count
 F = Vault count percentage of total count
                 A         B        C        D         E       F
            +---------+---------+-------+---------+---------+-------
      Total |    1054 |      95 |   8.3 |      83 |       5 |   5.7
            +---------+---------+-------+---------+---------+-------
        D:1 |      48 |       3 |   5.9 |      27 |       2 |   6.9
        D:2 |      17 |       2 |  10.5 |      11 |       1 |   8.3
        D:3 |     160 |       0 |   0.0 |      21 |       0 |   0.0
        D:4 |     405 |       0 |   0.0 |      13 |       0 |   0.0
        D:5 |     424 |      90 |  17.5 |      11 |       2 |  15.4
            +---------+---------+-------+---------+---------+-------
